 Dungeon Crawl Stone Soup version 0.30-a0-782-ge64f9170bb (webtiles) character file.

Game seed: 9438344714210623231

6 kae the Sneak (level 1, 0/9 HPs)
             Began as a Spriggan Enchanter on Feb 27, 2023.
             Slain by a goblin
             ... wielding a +0 club
              (4 damage)
             ... on level 1 of the Dungeon.
             The game lasted 00:00:21 (120 turns).

kae the Sneak (Spriggan Enchanter)                   Turns: 120, Time: 00:00:21

Health: 0/9        AC:  2    Str:  4    XL:     1   Next: 75%
Magic:  5/5        EV: 17    Int: 16    God:
Gold:   13         SH:  0    Dex: 15    Spells: 5/5 levels left

rFire   . . .      SeeInvis +    a - +1 dagger
rCold   . . .      Faith    .    (no shield)
rNeg    . . .      Spirit   .    b - +0 robe
rPois   .          Reflect  .    (helmet restricted)
rElec   .          Harm     .    (no cloak)
rCorr   .          Rampage  .    (gloves unavailable)
Will    .....                    (boots unavailable)
Stlth   +++                      (no amulet)
HPRegen 0.21/turn                (no ring)
MPRegen 0.09/turn                (no ring)

@: very quick
A: very small, no large weapons, unfitting armour, see invisible, speed 3
a: no special abilities


You were on level 1 of the Dungeon.
You visited 1 branch of the dungeon, and saw 1 of its levels.

You collected 13 gold pieces.


Innate Abilities, Weirdness & Mutations

You are very small and have problems with some larger weapons.
You are too small for most types of armour.
You have supernaturally acute eyesight. (SInv)
You cover ground extremely quickly. (Speed+++)


   Skills:
 * Level 1.4 Short Blades
 + Level 2.8 Dodging
 + Level 4.4 Stealth
 + Level 2.7 Spellcasting
 * Level 3.8 Hexes


You had 5 spell levels left.
You didn't know any spells.
Your spell library contained the following spells:

 Spells                   Type           Power      Damage    Failure   Level
 Confusing Touch          Hex            14%        N/A       12%         3
 Tukima's Dance           Hex            14%        N/A       12%         3
 Ensorcelled Hibernation  Hex/Ice        16%        N/A       13%         2
 Dazzling Flash           Conj/Hex       16%        N/A       26%         3

Inventory:

Hand Weapons
 a - a +1 dagger (weapon)
Armour
 b - a +0 robe (worn)
Scrolls
 d - a scroll of teleportation {unknown}
Potions
 c - 2 potions of invisibility
 e - a potion of degeneration {unknown}

Dungeon Overview and Level Annotations

Branches:
Dungeon (1/15) Zot: 5917

Altars:

#.................#
#......lg.........#
#.................#
##........#B......#
##......##.......#
.....##########.####
...## #####.#####
..#########.........#
..|....@gSB.........#
..#########.........#
#.........#
###########


You could see a giant cockroach, a goblin and a ball python.


Message History

Options error: Bad monster_list_colour key: strict_neutral (~/.crawlrc:5317) Bad channel name for runrest: 'pray:' ✅ Successfully initialized magus.rc [v1.11.3] Welcome, kae the Spriggan Enchanter.
Below lies the Orb of Zot, rumoured to be powerful enough to resurrect a god...
Press ? for a list of commands and other information.
Found an escape hatch in the floor.
Found a staircase leading out of the dungeon.
Found a stone staircase leading down.
A rat comes into view.
A rat is nearby!
A rat is nearby!
A kobold and an endoplasm come into view.
A bat comes into view.
A goblin comes into view. It is wielding a +0 club.
The endoplasm quivers.
The helpless rat fails to defend itself.
You impale the rat!!
You kill the rat!
The kobold shouts!
The goblin shouts!
You hit the endoplasm. The endoplasm closely misses you.
You hit the endoplasm.
You kill the endoplasm!
You closely miss the bat. The bat closely misses you.
You barely miss the bat. The bat misses you. The bat closely misses you.
You hit the kobold.
You kill the kobold!
The bat closely misses you.
You hit the bat. The bat closely misses you.
You hit the bat.
You kill the bat!
The goblin hits you with a +0 club.
You hit the goblin but do no damage.
The goblin hits you with a +0 club. 😮 HP[-3]
You take 3 damage, and now have 6/9 hp.
MASSIVE DAMAGE!! (PAUSE)
You hit the goblin.
You kill the goblin!
Unknown command.
You see here a +0 club.
d - a scroll labelled JOMUNNUAKI;
e - a white potion 😕 HP[+2]
You regained 2 hp, and now have 8/9 hp.
Unknown command.
You now have 13 gold pieces.
A kobold comes into view. It is wielding a +0 whip.
You see here a scroll labelled FYUNUXZ HIHAIT. 😎 HP[+1]
Your hp is fully restored (9).
Unknown command.
A kobold is nearby!
A kobold is nearby!
A frilled lizard comes into view.
The kobold shouts!
You hear a shout!
There are monsters nearby!
A giant cockroach comes into view.
You hit the kobold.
A goblin comes into view. It is wielding a +0 club.
The kobold hits you with a +0 whip. 😮 HP[-4]
You take 4 damage, and now have 5/9 hp.
MASSIVE DAMAGE!! (PAUSE)
You barely miss the kobold. The kobold closely misses you.
You hit the kobold.
The kobold hits you but does no damage. 😮 HP[+1]
You hit the kobold but do no damage. The kobold closely misses you.
The frilled lizard barely misses you.
Unknown command.
You closely miss the kobold. The frilled lizard closely misses you.
The kobold barely misses you.
You barely miss the kobold. The giant cockroach closely misses you.
The frilled lizard bites you but does no damage.
The kobold hits you with a +0 whip.
* * * LOW HITPOINT WARNING * * *
😨 HP[-2]
You take 2 damage, and now have 4/9 hp.
MASSIVE DAMAGE!! (PAUSE) 😮 HP[+1]
You see here a rat corpse.
You see here a bat corpse. 😮 HP[+1] 😕 HP[+1] 😕 HP[+1]
The kobold throws a stone.
The stone barely misses you.
A ball python comes into view.
A goblin comes into view. It is wielding a +0 club.
The goblin shouts!
The goblin hits you with a +0 club. 😮 HP[-3]
You take 3 damage, and now have 5/9 hp.
MASSIVE DAMAGE!! (PAUSE)
The goblin hits you with a +0 club.
* * * LOW HITPOINT WARNING * * *
😨 HP[-2]
You take 2 damage, and now have 3/9 hp.
MASSIVE DAMAGE!! (PAUSE) 😨 HP[+1]
You barely miss the goblin. The goblin hits you with a +0 club.
You die...

Action                     || total
---------------------------++-------
  Melee: Dagger            ||    17
   Stab: Sleeping          ||     1
 Armour: Robe              ||     2
  Dodge: Dodged            ||    13

Levels and vault maps discovered:
D:1:      dpeg_arrival_tiny_j, layout_rooms

Notes
Turn   | Place    | Note
-------+----------+-------------------------------------------
     0 | D:1      | kae the Spriggan Enchanter began the quest for the Orb.
     0 | D:1      | Reached XP level 1. HP: 9/9 MP: 5/5
     0 | D:1      | magus.rc [v1.11.3]
   120 | D:1      | Slain by a goblin

Vanquished Creatures
  A bat (D:1)
  An endoplasm (D:1)
  A goblin (D:1)
  A kobold (D:1)
  A rat (D:1)
5 creatures vanquished.

Table legend:
 A = Non-vault XP
 B = Vault XP
 C = Vault XP percentage of total XP
 D = Non-vault monster count
 E = Vault monster count
 F = Vault count percentage of total count
                 A         B        C        D         E       F
            +---------+---------+-------+---------+---------+-------
      Total |       9 |       0 |   0.0 |       5 |       0 |   0.0
            +---------+---------+-------+---------+---------+-------
        D:1 |       9 |       0 |   0.0 |       5 |       0 |   0.0
            +---------+---------+-------+---------+---------+-------

Illustrated notes

Table legend:
 A = Kills in this place as a percentage of kills in entire the game.
 B = Kills by you in this place as a percentage of kills by you in the entire game.
 C = Kills by friends in this place as a percentage of kills by friends in the entire game.
 D = Other kills in this place as a percentage of other kills in the entire game.
 E = Experience gained in this place as a percentage of experience gained in the entire game.
 F = Experience gained in this place divided by the number of levels of this place that you have seen.
                   A       B       C       D       E      F
               +-------+-------+-------+-------+-------+----------------------
         Total | 100.0 | 100.0 |   N/A |   N/A | 100.0 |   9.0
       Dungeon | 100.0 | 100.0 |   N/A |   N/A | 100.0 |   9.0
               +-------+-------+-------+-------+-------+----------------------

Table legend: (Time is in decaauts)
 A = Elapsed time spent in this place.
 B = Non-inter-level travel time spent in this place.
 C = Inter-level travel time spent in this place.
 D = Time resting spent in this place.
 E = Time spent auto-exploring this place.
 F = Levels seen in this place.
 G = Mean time per level.
                   A        B        C        D        E       F      G
               +--------+--------+--------+--------+--------+-----+--------+
         Total |     81 |     81 |      0 |      0 |     29 |   1 |   81.0 |
       Dungeon |     81 |     81 |      0 |      0 |     29 |   1 |   81.0 |
               +--------+--------+--------+--------+--------+-----+--------+

Top non-repeatable levels by time:
     D:1: 81 daAuts
